 Dungeon Crawl Stone Soup version 0.25-a0-886-gd7461d2276 (webtiles) character file.

Game seed: 16963003708448239473, levelgen mode: classic

9132 EnegeticOcto the Cleaver (level 11, -4/99 HPs)
             Began as a Deep Dwarf Fighter on May 2, 2020.
             Was the Champion of Uskayaw.
             Slain by a nine-headed hydra (6 damage)
             ... on level 1 of the Lair of Beasts.
             The game lasted 00:17:23 (2337 turns).

EnegeticOcto the Cleaver (Deep Dwarf Fighter)       Turns: 2337, Time: 00:17:24

Health: -4/99      AC: 13    Str: 20    XL:     11   Next: 19%
Magic:  0/11       EV:  4    Int: 10    God:    Uskayaw [******]
Gold:   272        SH: 15    Dex: 12    Spells: 10/10 levels left

rFire    . . .     SeeInvis .   a - +3 war axe (freeze)
rCold    + . .     Gourm    .   c - +0 kite shield
rNeg     . . .     Faith    .   A - +0 plate armour
rPois    .         Spirit   .   (helmet restricted)
rElec    .         Reflect  .   z - +0 cloak
rCorr    .         Harm     .   (no gloves)
MR       +....                  v - +0 pair of boots
Stlth    ..........             (no amulet)
HPRegen  0.00/turn              w - ring of protection from cold
MPRegen  0.12/turn              x - ring of flight

@: non-regenerating
A: damage resistance, heal wounds, antennae 1, large bone plates 1, sense
surroundings 2, weak 1, MP-powered wands, no regeneration
a: Heal Wounds, Stomp, Line Pass, Grand Finale, Renounce Religion, Evoke Flight


You were on level 1 of the Lair of Beasts.
You worshipped Uskayaw.
Uskayaw was aware of your devotion.
You were not hungry.

You visited 3 branches of the dungeon, and saw 14 of its levels.
You also visited: Sewer and Ossuary.

You collected 272 gold pieces.

Inventory:

Hand Weapons
 a - a +3 war axe of freezing (weapon)
 u - the +4 trident "Vuir" {antimagic, rPois Str+2 Int+4}
   (You found it on level 8 of the Dungeon)

   It reduces the magical energy of the wielder, and disrupts the spells and
   magical abilities of those hit.
   Natural abilities and divine invocations are not affected.
   It affects your strength (+2).
   It affects your intelligence (+4).
   It protects you from poison.
 y - a +1 hand axe of electrocution
Armour
 c - a +0 kite shield (worn)
 v - a +0 pair of boots (worn)
 z - a +0 cloak (worn)
 A - a +0 plate armour (worn)
Jewellery
 w - a ring of protection from cold (left hand)
 x - a ring of flight (right hand)
Wands
 s - a wand of iceblast (8) {@v2}
 B - a wand of polymorph (7)
Scrolls
 b - a scroll of fear {!r}
 f - a scroll of immolation
 i - 5 scrolls of random uselessness
 n - a scroll of remove curse {@r2}
 r - 2 scrolls of teleportation {@r3 !r}
Potions
 d - 3 potions of might {@q3 !q}
 g - 4 potions of haste {@q4 !q}
 h - 5 potions of curing {@q1 !q}
 j - 2 potions of heal wounds {@q2 !q}
 k - 3 potions of mutation
 l - 3 potions of flight
 p - a potion of stabbing {unknown}
 q - a potion of brilliance {unknown}
 t - a potion of magic {unknown}
Miscellaneous
 C - a phial of floods
Comestibles
 e - 9 rations


   Skills:
 + Level 6.8 Fighting
 + Level 13.8 Axes
 - Level 3.2 Armour
 + Level 8.2 Shields
 + Level 8.8 Invocations


You had 10 spell levels left.
You didn't know any spells.
Your spell library was empty.

Dungeon Overview and Level Annotations

Branches:
Dungeon (12/15)            Temple (1/1) D:7            Lair (1/6) D:11
    Orc (0/2) D:9           Sewer (visited)         Ossuary (visited)

Altars:
Ashenzari
Cheibriados
Dithmenos
Elyvilon
Fedhas
Hepliaklqana
Kikubaaqudgha
Okawaru
Qazlal
Ru
Sif Muna
Trog
Uskayaw
Vehumet
Wu Jian
Xom
Yredelemnul
Zin
The Shining One

Shops:
D:6 =   D:9 (


Innate Abilities, Weirdness & Mutations

You are resistant to damage.
You can heal yourself by infusing magical energy.
You passively map the area around you.
You do not regenerate.
You have a pair of small antennae on your head.
You are partially covered in large bone plates. (SH +4)
You are weak. (Str -2)
You expend magic power (3 MP) to strengthen your wands.


Message History

You hit the plant but do no damage. You slash the plant! You freeze the plant.
You slash the cyclops! You freeze the cyclops!
The cyclops is heavily wounded.
You hit the plant but do no damage. You slash the plant! You freeze the plant.
The cyclops hits you.
You slice the cyclops!! You freeze the cyclops.
You kill the cyclops!
You hit the plant. You freeze the plant. You slash the wyvern!
You freeze the wyvern. You slash the plant! You freeze the plant.
You destroy the plant!
The wyvern bites you. You block the wyvern's attack.
You hit the wyvern. You freeze the wyvern.
The wyvern is severely wounded.
You hit the plant but do no damage. You block the wyvern's attack.
You slash the wyvern! You freeze the wyvern.
You kill the wyvern!
You hit the plant but do no damage.
There is a staircase to the Lair here.
You climb downwards.
Welcome to the Lair of Beasts!
There is a staircase back to the Dungeon here.
A four-headed hydra comes into view.
You feel much better.
Uskayaw prepares the audience for your solo!
Okay, then.
Okay, then.
Evoke which item? (* to show all) (? for menu, Esc to quit)
Aiming: Iceblast
Press: ? - help, Shift-Dir - straight line, f - four-headed hydra
Aim: a four-headed hydra (paralysed)
You feel a surge of power!
The mass of ice explodes!
The iceblast engulfs the four-headed hydra!
The four-headed hydra is lightly wounded.
You hear a howl!
You hear an angry hiss.
You hear a howl!
The four-headed hydra is no longer paralysed.
Evoke which item? (* to show all) (? for menu, Esc to quit)
Aiming: Iceblast
Press: ? - help, Shift-Dir - straight line, f/p - four-headed hydra
Aim: a four-headed hydra (lightly wounded)
You feel a slight surge of power.
The mass of ice explodes!
The iceblast engulfs the four-headed hydra!
The four-headed hydra is moderately wounded.
You hear a howl!
You hear an angry hiss.
You lop one of the four-headed hydra's heads off!
The three-headed hydra grows two more!
You slash the five-headed hydra!
The five-headed hydra seems to slow down.
You freeze the five-headed hydra.
The five-headed hydra is heavily wounded.
The five-headed hydra bites you!
You block the five-headed hydra's attack.
The five-headed hydra bites you!
The five-headed hydra bites you but does no damage.
The five-headed hydra bites you!
You hack one of the five-headed hydra's heads off!
The four-headed hydra grows two more!
You slash the six-headed hydra!
The six-headed hydra seems to slow down.
You freeze the six-headed hydra.
The six-headed hydra is heavily wounded.
You hack one of the six-headed hydra's heads off!
The five-headed hydra grows two more!
You slash the seven-headed hydra! You freeze the seven-headed hydra.
The seven-headed hydra is heavily wounded.
The seven-headed hydra bites you but does no damage.
The seven-headed hydra bites you!
* * * LOW HITPOINT WARNING * * *
The seven-headed hydra bites you!
* * * LOW HITPOINT WARNING * * *
The seven-headed hydra bites you but does no damage. x2
The seven-headed hydra completely misses you.
The seven-headed hydra bites you but does no damage.
You chop one of the seven-headed hydra's heads off!
The six-headed hydra grows two more!
You slash the eight-headed hydra! You freeze the eight-headed hydra.
The eight-headed hydra is moderately wounded.
You lop one of the eight-headed hydra's heads off!
The seven-headed hydra grows two more!
You hit the nine-headed hydra. You freeze the nine-headed hydra.
The nine-headed hydra is moderately wounded.
The nine-headed hydra bites you.
* * * LOW HITPOINT WARNING * * *
The nine-headed hydra barely misses you.
You block the nine-headed hydra's attack.
The nine-headed hydra bites you but does no damage.
You block the nine-headed hydra's attack.
The nine-headed hydra bites you!
* * * LOW HITPOINT WARNING * * *
You block the nine-headed hydra's attack.
The nine-headed hydra bites you but does no damage.
The nine-headed hydra bites you.
Your plate armour prevents you from hitting the nine-headed hydra.
The nine-headed hydra is moderately wounded.
The nine-headed hydra bites you but does no damage.
You block the nine-headed hydra's attack. x2
The nine-headed hydra bites you.
The nine-headed hydra bites you but does no damage.
The nine-headed hydra bites you!
* * * LOW HITPOINT WARNING * * *
The nine-headed hydra bites you.
* * * LOW HITPOINT WARNING * * *
The nine-headed hydra bites you!
You die...

######## *
#####..#P#P####### *
* ,,
.................. ,
.......<..@D...... ,
+
,*#..#.#.#..###...##
* * , , ,, ###### ##
, , , , * , , , * ,
,, , , + , ,, , * *
* , , ,, , , * , ,,
, * ** , * ,, * ,


You could see a nine-headed hydra.

Vanquished Creatures
  A two-headed ogre (D:11)
  An unseen horror (D:11)
  2 ugly things (D:11)
  A cyclops (D:11)
  A centaur skeleton (D:11)
  3 trolls
  2 hippogriffs (D:11)
  3 wyverns
  2 hungry ghosts (D:10)
  2 yaks (D:11)
  A wraith (D:11)
  3 porcupines (D:11)
  3 sky beasts
  3 black bears
  3 orc warriors
  3 ice beasts
  4 ogres
  A phantom (D:5)
  A necrophage (D:8)
  2 centaurs
  2 big kobolds (Sewer)
  4 bullfrogs
  A gnoll sergeant (D:10)
  A scorpion (D:7)
  9 killer bees
  5 wights (D:8)
  6 howler monkeys
  3 bullfrog zombies
  A crimson imp (D:5)
  Crazy Yiuf (D:6)
  4 hounds
  4 orc priests
  A jelly (D:9)
  Ijyb (D:5)
  A bullfrog skeleton (D:8)
  2 iguanas (D:8)
  4 orc wizards
  4 worker ants
  A hound skeleton (D:7)
  4 mummies (Ossuary)
  A howler monkey skeleton (D:6)
  3 gnolls (D:10)
  6 adders
  2 river rats
  2 shadow imps
  An adder skeleton (D:8)
  A worm (D:3)
  2 leopard geckos (D:6)
  30 orcs
  5 ball pythons
  5 jackals
  A quokka (D:10)
  A bat (D:3)
  A frilled lizard (D:4)
  A goblin zombie (D:4)
  A jackal skeleton (D:6)
  7 kobolds
  An orc zombie (D:4)
  A quokka skeleton (D:5)
  A rat (Sewer)
  3 fungi (D:11)
  2 plants (D:11)
179 creatures vanquished.

Vanquished Creatures (others)
  A sky beast (D:5)
  34 fungi (D:11)
  22 plants (D:11)
57 creatures vanquished.

Grand Total: 236 creatures vanquished

Notes
Turn   | Place    | Note
-------+----------+-------------------------------------------
     0 | D:1      | EnegeticOcto the Deep Dwarf Fighter began the quest for the
                  | Orb.
     0 | D:1      | Reached XP level 1. HP: 20/20 MP: 1/1
    64 | D:3      | Reached skill level 3 in Axes
    64 | D:3      | Reached XP level 2. HP: 27/27 MP: 2/2
    92 | D:4      | Reached skill level 4 in Axes
    92 | D:4      | Reached XP level 3. HP: 29/33 MP: 3/3
    98 | D:5      | Entered Level 5 of the Dungeon
    99 | D:5      | Noticed a phantom
   128 | D:4      | Reached skill level 5 in Axes
   128 | D:4      | Reached XP level 4. HP: 13/40 MP: 4/4
   142 | D:4      | Found a sand-covered staircase.
   158 | Ossuary  | Entered an ossuary
   304 | Ossuary  | Reached XP level 5. HP: 30/46 MP: 5/5
   365 | D:3      | Found a glowing drain.
   383 | D:3      | Reached skill level 6 in Axes
   385 | Sewer    | Entered a sewer
   539 | Sewer    | Reached skill level 7 in Axes
   539 | Sewer    | Reached XP level 6. HP: 54/55 MP: 5/5
   725 | D:5      | Reached skill level 8 in Axes
   739 | D:5      | Reached XP level 7. HP: 37/61 MP: 0/6
   805 | D:6      | Found a runed translucent door.
   806 | D:6      | Noticed Crazy Yiuf
   810 | D:6      | Killed Crazy Yiuf
   893 | D:6      | Reached skill level 9 in Axes
  1083 | D:5      | Noticed Ijyb
  1088 | D:5      | Reached skill level 10 in Axes
  1104 | D:5      | Killed Ijyb
  1237 | D:6      | Found Vub Fien's Jewellery Emporium.
  1277 | D:7      | Reached XP level 8. HP: 30/68 MP: 7/7
  1308 | D:7      | Found a staircase to the Ecumenical Temple.
  1320 | Temple   | Entered the Ecumenical Temple
  1465 | Temple   | Became a worshipper of Uskayaw the Reveler
  1541 | D:8      | Reached * piety under Uskayaw
  1542 | D:8      | Reached ** piety under Uskayaw
  1543 | D:8      | Reached *** piety under Uskayaw
  1544 | D:8      | Reached skill level 11 in Axes
  1544 | D:8      | Reached **** piety under Uskayaw
  1546 | D:8      | Reached ***** piety under Uskayaw
  1575 | D:8      | Reached skill level 12 in Axes
  1576 | D:8      | Found a hazy altar of Hepliaklqana.
  1589 | D:8      | Reached skill level 1 in Invocations
  1592 | D:8      | Gained mutation: You passively map the area around you.
                  | [Deep Dwarf growth]
  1592 | D:8      | Reached XP level 9. HP: 63/75 MP: 6/8
  1597 | D:8      | Reached ****** piety under Uskayaw
  1616 | D:8      | Got an ancient trident
  1617 | D:8      | Identified the +4 trident "Vuir" {antimagic, rPois Str+2
                  | Int+4} (You found it on level 8 of the Dungeon)
  1692 | D:9      | Found Toovat's Weapon Shop.
  1692 | D:9      | Found a staircase to the Orcish Mines.
  1760 | D:9      | Gained mutation: You are weak. (Str -2) [potion of
                  | mutation]
  1760 | D:9      | Gained mutation: You have a pair of small antennae on your
                  | head. [potion of mutation]
  1760 | D:9      | Gained mutation: You are partially covered in large bone
                  | plates. (SH +4) [potion of mutation]
  1760 | D:9      | Gained mutation: You expend magic power (3 MP) to
                  | strengthen your wands. [potion of mutation]
  1807 | D:10     | Entered Level 10 of the Dungeon
  1931 | D:10     | Found a glowing silver altar of Zin.
  1931 | D:10     | Noticed a troll
  1936 | D:10     | Reached skill level 5 in Shields
  1938 | D:10     | Killed a troll
  1939 | D:10     | Noticed a troll
  1941 | D:10     | Reached skill level 5 in Invocations
  1950 | D:10     | Killed a troll
  1968 | D:10     | Noticed a purple ugly thing
  2038 | D:11     | Noticed a troll
  2047 | D:11     | Killed a troll
  2159 | D:11     | Reached skill level 5 in Fighting
  2159 | D:11     | Reached XP level 10. HP: 56/88 MP: 10/10
  2181 | D:11     | Reached skill level 13 in Axes
  2187 | D:11     | Noticed a cyan ugly thing
  2213 | D:11     | Killed a cyan ugly thing
  2282 | D:11     | Found a staircase to the Lair.
  2282 | D:11     | Noticed a two-headed ogre
  2282 | D:11     | Noticed a purple ugly thing
  2302 | D:11     | Killed a purple ugly thing
  2303 | D:11     | Killed a two-headed ogre
  2303 | D:11     | Reached XP level 11. HP: 37/99 MP: 4/11
  2306 | D:11     | Killed an unseen horror
  2325 | Lair:1   | Entered Level 1 of the Lair of Beasts
  2327 | Lair:1   | Noticed a four-headed hydra
  2337 | Lair:1   | HP: 4/99 [nine-headed hydra (6)]
  2337 | Lair:1   | Slain by a nine-headed hydra

Levels and vault maps discovered:
D:1:      dpeg_arrival_simpleton_a, layout_rooms, corner_web_ring
D:2:      layout_basic
D:3:      layout_basic, zin_treasury, cheibrodos_sewer_entry_sluice,
          chequers_ecumenical_altar_grove, uniq_sigmund
D:4:      layout_basic, enter_ossuary_3
D:5:      layout_basic, first_ration, uniq_ijyb
D:6:      layout_loops_ring, serial_shops, shop_fountains, bh_walls_and_bars,
          uniq_crazy_yiuf_cottage
D:7:      layout_cave_pools, lemuel_round_altar, nicolae_gozag_seed_capital,
          lemuel_round_altar, minmay_temple_entry_statues
D:8:      layout_cave_pools, bloody_makhleb, basic_altar,
          chequers_serial_rivers_room_b, chequers_serial_rivers_large_a
D:9:      layout_irregular_city, orc_david_3, uniq_gastronok
D:10:     layout_basic, gammafunk_ghost_grave, basic_altar, blue_anna_alchemist
          [blue_anna_fruit_fields, blue_anna_fruit_fields],
          onia_ninara_dug_in_and_dangerous
D:11:     layout_long_grid, due_lair_maze_entry_diamond
D:12:     layout_stronghold, uniq_fannar
Temple:   minmay_crystal_spiral_temple
Lair:1:   layout_regular_city

Skill      XL: |  1  2  3  4  5  6  7  8  9 10 11 |
---------------+----------------------------------+-----
Axes           | 3 4 5 7 8 10 12 13 | 13.8
Invocations    | 2 5 8 |  8.8
Fighting       | 3 5 6 |  6.8
Shields        | 6 7 8 |  8.2
Armour         | |  3.2

Action                   |  1- 3 |  4- 6 |  7- 9 | 10-12 || total
-------------------------+-------+-------+-------+-------++-------
Melee: War axe           |    32 |   121 |   217 |    93 ||   463
       Hand axe          |       |       |    13 |       ||    13
Invok: Stomp             |       |       |     2 |     7 ||     9
       Line Pass         |       |       |     1 |       ||     1
 Abil: Heal Wounds       |       |     5 |    13 |     8 ||    26
Evoke: Wand              |       |       |     1 |     2 ||     3
  Use: Scroll            |       |       |    13 |     3 ||    16
       Potion            |       |       |     2 |       ||     2
 Stab: Paralysed         |       |       |    26 |     9 ||    35
       Confused          |       |       |     1 |       ||     1
  Eat: Chunk             |       |       |     6 |       ||     6
       Ration            |       |       |     1 |     1 ||     2
Armor: Scale mail        |    23 |    61 |    76 |       ||   160
       Plate armour      |       |       |    38 |   113 ||   151
Dodge: Dodged            |    11 |    48 |    55 |    28 ||   142
Block: Kite shield       |    27 |    54 |   136 |   122 ||   339

Table legend:
 A = Non-vault XP
 B = Vault XP
 C = Vault XP percentage of total XP
 D = Non-vault monster count
 E = Vault monster count
 F = Vault count percentage of total count
                 A         B        C        D         E       F
            +---------+---------+-------+---------+---------+-------
      Total |   11207 |    1839 |  14.1 |     135 |      40 |  22.9
            +---------+---------+-------+---------+---------+-------
        D:1 |       1 |       0 |   0.0 |       1 |       0 |   0.0
        D:3 |      27 |      15 |  35.7 |       6 |       3 |  33.3
        D:4 |     113 |       2 |   1.7 |       5 |       2 |  28.6
        D:5 |     630 |      38 |   5.7 |      14 |       1 |   6.7
        D:6 |     200 |      42 |  17.4 |      15 |       1 |   6.2
        D:7 |     236 |       0 |   0.0 |       8 |       0 |   0.0
        D:8 |    1358 |       0 |   0.0 |      20 |       0 |   0.0
        D:9 |     358 |     148 |  29.2 |       6 |       6 |  50.0
       D:10 |    1577 |       0 |   0.0 |      18 |       0 |   0.0
       D:11 |    6707 |    1295 |  16.2 |      42 |      10 |  19.2
      Sewer |       0 |     229 | 100.0 |       0 |      13 | 100.0
    Ossuary |       0 |      70 | 100.0 |       0 |       4 | 100.0
            +---------+---------+-------+---------+---------+-------
